Map: Dusk Towers

Players

rancidfish - Winner!

  • Race: Zerg Zerg
  • League: Diamond

LilDicky

  • Race: Terran Terran
  • League: Diamond

VOD

http://www.twitch.tv/tumescentpie

Description

Time

  • Played on: Nov. 26, 2015, 11:10 p.m.
  • Length: 2:58
Show
View Real Time Build Order
Export as new Build Order

rancidfish Zerg - Winner!

Build Orders: Pool First 

Get SALT Encoding   

  12  0:01  Drone  
  13  0:12  Overlord  
  13  0:17  Drone  
  14  0:30  Drone x2  
  16  0:37  Drone  
  17  0:46  Drone  
  18  0:54  Spawning Pool  
  18  0:56  Extractor  
  18  0:57  Drone  
  17  1:07  Drone  
  18  1:20  Hatchery  
  17  1:30  Drone  
  18  1:41  Queen  
  18  1:43  Zergling x4  
  22  1:50  Overlord  
  22  2:09  Zergling x2  
  23  2:25  Overlord  
  25  2:35  Drone x2  
Show
View Real Time Build Order
Export as new Build Order

LilDicky Terran 

Build Orders:  

Get SALT Encoding   

  12  0:01  SCV  
  13  0:13  SCV  
  14  0:18  Supply Depot  
  14  0:25  Refinery  
  14  0:28  SCV  
  15  0:40  SCV  
  16  0:47  Barracks  
  16  0:53  SCV  
  17  1:06  SCV  
  18  1:18  SCV  
  19  1:34  Supply Depot, Factory  
  19  1:36  Orbital Command  
  19  1:39  Marine  
  20  1:57  Marine  
  21  2:01  Barracks  
  21  2:05  Barracks  
  21  2:08  SCV  
  21  2:14  Refinery  
  21  2:25  SCV  
  22  2:33  Barracks Reactor  
  24  2:37  SCV  
  26  2:51  Barracks Tech Lab  
  26  2:53  Starport  
Tags
 
Add a new tag
Caveats
  • Supply blocks, unpowered buildings, or Contaminate may cause inaccurate times.
  • Supply counts are checked every 10 seconds.